 Dungeon Crawl Stone Soup version 0.22.1-1-ga44c0e56f4 (webtiles) character file.

217 Belius the Ruffian (level 5, -3/40 HPs)
             Began as a Draconian Transmuter on Sept 21, 2018.
             Slain by a gnoll
             ... wielding a +0 spear
              (6 damage)
             ... on level 3 of the Dungeon.
             The game lasted 00:08:50 (1564 turns).

Belius the Ruffian (Draconian Transmuter)           Turns: 1564, Time: 00:08:53

Health: -3/40      AC:  5    Str: 10 (13) XL:     5   Next: 61%
Magic:  8/9        EV: 12    Int: 10 (13) God:
Gold:   133        SH:  0    Dex: 10 (12) Spells: 5/9 levels left

rFire    . . .     SeeInvis .     - Unarmed
rCold    . . .     Gourm    .   (no shield)
rNeg     . . .     Faith    .   (armour unavailable)
rPois    .         Spirit   .   (helmet restricted)
rElec    .         Reflect  .   (no cloak)
rCorr    .         Harm     .   (no gloves)
MR       .....                  (boots currently unavailable)
Stlth    +.........             (no amulet)
HPRegen  0.13/turn              (no ring)
MPRegen  0.11/turn              (no ring)

@: lethally poisoned (-3 -> -8), appendage
A: unfitting armour, talons 3, cold-blooded, AC +5
a: End Transformation


You were on level 3 of the Dungeon.
You were not hungry.
You had grown temporary talons.
You visited 1 branch of the dungeon, and saw 3 of its levels.

You collected 133 gold pieces.

Inventory:

Missiles
 a - 39 arrows
Jewellery
 e - an uncursed amulet of the gourmand {unknown}
 j - an uncursed ring of wizardry {unknown}
 p - a +5 amulet of reflection {unknown}
Wands
 q - a wand of random effects (34)
Scrolls
 g - 2 scrolls of identify
 i - a scroll of blinking {unknown}
 m - 3 scrolls of remove curse {unknown}
 n - a scroll of fog {unknown}
Potions
 b - 2 potions of brilliance
 f - a potion of agility {unknown}
 h - a potion of lignification {unknown}
 l - 2 potions of flight {unknown}
 o - a potion of curing {unknown}
Comestibles
 c - 2 rations


   Skills:
 - Level 1.4 Fighting
 + Level 2.5 Dodging
 + Level 4.8 Unarmed Combat
 + Level 2.8 Spellcasting
 * Level 3.3 Transmutations


You had 5 spell levels left.
You knew the following spells:

 Your Spells              Type           Power        Failure   Level  Hunger
a - Beastly Appendage     Tmut           #.....       8%          1    ##.....
b - Spider Form           Tmut/Pois      #.........   41%         3    ####...

Your spell library contained the following spells:

 Spells                   Type           Power        Failure   Level  Hunger
 Sticks to Snakes         Tmut           #.......     11%         2    ###....
 Ice Form                 Ice/Tmut       #.......     82%         4    #####..
 Blade Hands              Tmut           #.........   90%         5    ######.


Dungeon Overview and Level Annotations

Branches:
Dungeon (3/15)

Altars:
Uskayaw
Xom


Innate Abilities, Weirdness & Mutations

Your plain brown scales are hard. (AC +5)
You cannot fit into any form of body armour.
You are cold-blooded and may be slowed by cold attacks.
You have claws for feet.


Message History

* * * LOW HITPOINT WARNING * * *
You are lethally poisoned!
The adder poisons you! The adder barely misses you.
You miss the adder.
* * * LOW HITPOINT WARNING * * *
You feel sick. The adder closely misses you.
* * * LOW HITPOINT WARNING * * *
You feel sick.
* * * LOW HITPOINT WARNING * * *
You feel sick. The adder closely misses you.
* * * LOW HITPOINT WARNING * * *
You feel sick.
Okay, then.
It was a potion of degeneration.
There was something very wrong with that liquid.
You feel weakened.
You feel dopey.
You feel clumsy.
* * * LOW HITPOINT WARNING * * *
You feel sick. The adder barely misses you. The kobold barely misses you.
The gnoll hits you from afar with a spear.
You die...

........)........##..........#
.................)......####)####
....................<...# #.....
..................####..#######..
............(.###.####...........
........................#........
....##.....##.###..##..##.#...#.#
#### #.........###..#............
#..........@Sg.......##..##.
#...........K............###
#........#.#...####..†......
#............########)......
########....#####.Sg...#....
##.....#..g.####.#..##
#.........### ......
####.#...##S######.#....#
#....#.......##..S.#.##..


You could see a gnoll, an adder and a kobold.

Vanquished Creatures
  A crimson imp (D:2)
  A bullfrog skeleton (D:2)
  3 adders
  4 gnolls
  3 oozes
  2 worms (D:2)
  4 dart slugs
  A leopard gecko (D:2)
  2 orcs (D:3)
  4 giant cockroaches
  8 goblins
  4 hobgoblins
  A quokka (D:2)
  9 bats
  4 frilled lizards
  7 kobolds
  7 rats
65 creatures vanquished.

Notes
Turn   | Place    | Note
-------+----------+-------------------------------------------
     0 | D:1      | Belius the Draconian Transmuter began the quest for the
                  | Orb.
     0 | D:1      | Reached XP level 1. HP: 16/16 MP: 3/3
    80 | D:1      | Reached XP level 2. HP: 22/23 MP: 3/5
   171 | D:1      | Reached XP level 3. HP: 7/28 MP: 4/6
   521 | D:2      | Learned a level 3 spell: Spider Form
   549 | D:2      | Reached skill level 4 in Unarmed Combat
   630 | D:2      | Reached XP level 4. HP: 20/35 MP: 7/7
   771 | D:2      | Found a hide-covered altar of Uskayaw.
  1131 | D:2      | Found a faded altar of an unknown god.
  1145 | D:2      | Reached XP level 5. HP: 35/40 MP: 8/8
  1473 | D:3      | Found a shimmering altar of Xom.
  1564 | D:3      | Slain by a gnoll

Skill      XL: |  1  2  3  4 |
---------------+-------------+-----
Dodging        | 2 |  2.5
Unarmed Combat | 4 |  4.8
Transmutations | 3 |  3.3
Fighting       | |  1.4
Spellcasting   | |  2.8

Action                   |  1- 3 |  4- 6 || total
-------------------------+-------+-------++-------
Melee: Unarmed           |    98 |    98 ||   196
       Kick              |     9 |     8 ||    17
       Tailslap          |    11 |     9 ||    20
       Headbutt          |     8 |     2 ||    10
       Punch             |     2 |     3 ||     5
 Cast: Beastly Appendage |    18 |    20 ||    38
  Use: Potion            |     2 |     4 ||     6
       Scroll            |       |     2 ||     2
  Eat: Chunk             |       |     3 ||     3
Armor: Skin              |    37 |    40 ||    77
Dodge: Dodged            |    56 |    96 ||   152
